% Time on Ice - LOS ANGELES SEALS
Lines # - Real PCT - Wanted PCT - Time Play
Normal Forward
1 - 30% - 36% - 15:34
2 - 29% - 31% - 15:23
3 - 29% - 23% - 15:07
4 - 12% - 10% - 6:26
Normal Defense
1 - 31% - 36% - 16:26
2 - 33% - 31% - 17:20
3 - 31% - 23% - 16:14
4 - 5% - 10% - 2:30
PP Forward
1 - 53% - 55% - 2:05
2 - 47% - 45% - 1:53
PP Defense
1 - 64% - 55% - 2:32
2 - 36% - 45% - 1:26
PK Forward
1 - 65% - 55% - 2:17
2 - 35% - 45% - 1:15
PK Defense
1 - 75% - 55% - 2:40
2 - 25% - 45% - 0:52
PK3 Forward
1 - 0% - 55%
2 - 0% - 45%
PK3 Defense
1 - 0% - 55%
2 - 0% - 45%
44 Forward
1 - 0% - 55%
2 - 0% - 45%
44 Defense
1 - 0% - 55%
2 - 0% - 45%
Last Minute Offensive  - 0:00
Last Minute Defensive  - 0:00
Total
Forward - 60:00
Defense - 60:00
% Time on Ice - LONG BEACH BARACUDAS
Lines # - Real PCT - Wanted PCT - Time Play
Normal Forward
1 - 36% - 36% - 19:09
2 - 32% - 31% - 16:40
3 - 22% - 23% - 11:33
4 - 10% - 10% - 5:08
Normal Defense
1 - 37% - 36% - 19:25
2 - 31% - 31% - 16:27
3 - 24% - 23% - 12:26
4 - 8% - 10% - 4:12
PP Forward
1 - 52% - 55% - 1:50
2 - 48% - 45% - 1:42
PP Defense
1 - 48% - 55% - 1:42
2 - 52% - 45% - 1:50
PK Forward
1 - 65% - 55% - 2:34
2 - 35% - 45% - 1:24
PK Defense
1 - 53% - 55% - 2:05
2 - 47% - 45% - 1:53
PK3 Forward
1 - 0% - 55%
2 - 0% - 45%
PK3 Defense
1 - 0% - 55%
2 - 0% - 45%
44 Forward
1 - 0% - 55%
2 - 0% - 45%
44 Defense
1 - 0% - 55%
2 - 0% - 45%
Last Minute Offensive  - 0:00
Last Minute Defensive  - 0:00
Total
Forward - 60:00
Defense - 60:00
Play-by-Play 1st period 0:01 of 1st period - Brock Nelson wins face-off versus Jack Roslovic in neutral zone. 0:18 of 1st period - Shot by Robert Fabbri. 0:18 of 1st period - Shot Misses the Net. 0:20 of 1st period - Shot by Alex Pietrangelo. 0:20 of 1st period - Shot Blocked by Ryan Murray. 0:22 of 1st period - Shot by Taylor Hall. 0:22 of 1st period - Stopped by Carter Hutton with a rebound. 0:24 of 1st period - Shot by Alex Pietrangelo. 0:24 of 1st period - Stopped by Carter Hutton without a rebound. 0:25 of 1st period - Joshua Norris wins face-off versus Matt Duchene in LOS ANGELES SEALS zone. 0:47 of 1st period - Shot by Dylan Strome. 0:47 of 1st period - Shot Misses the Net. 1:19 of 1st period - Off-side. 1:20 of 1st period - Radek Faksa wins face-off versus Derek Stepan in neutral zone. 1:53 of 1st period - Shot by Owen Tippett. 1:53 of 1st period - Stopped by Martin Jones with a rebound. 1:55 of 1st period - Shot by Radek Faksa. 1:55 of 1st period - Shot Misses the Net. 2:16 of 1st period - Shot by Erik Haula. 2:16 of 1st period - Deflect By Jack Roslovic. 2:16 of 1st period - Stopped by Martin Jones without a rebound. 2:17 of 1st period - Brock Nelson wins face-off versus Oskar Sundqvist in LONG BEACH BARACUDAS zone. 2:29 of 1st period - Icing by Adam Boqvist. 2:30 of 1st period - Oskar Sundqvist wins face-off versus Joshua Norris in LOS ANGELES SEALS zone. 2:58 of 1st period - Off-side. 2:59 of 1st period - Matt Duchene wins face-off versus Brock Nelson in neutral zone. 3:29 of 1st period - Icing by Tyler Johnson. 3:30 of 1st period - Matt Duchene wins face-off versus Victor Rask in LOS ANGELES SEALS zone. 5:03 of 1st period - Icing by Ryan Murray. 5:04 of 1st period - Joshua Norris wins face-off versus Jack Roslovic in LOS ANGELES SEALS zone. 5:12 of 1st period - Off-side. 5:13 of 1st period - Joshua Norris wins face-off versus Radek Faksa in neutral zone. 5:20 of 1st period - Shot by Jaden Schwartz. 5:20 of 1st period - Deflect By Joshua Norris. 5:20 of 1st period - Stopped by Carter Hutton with a rebound. 5:53 of 1st period - Darren Helm is hit by Joshua Norris and loses puck. 7:31 of 1st period - Shot by Robert Fabbri. 7:31 of 1st period - Stopped by Carter Hutton without a rebound. 7:32 of 1st period - Joshua Norris wins face-off versus Jack Roslovic in LOS ANGELES SEALS zone. 9:03 of 1st period - Shot by Brock Nelson. 9:03 of 1st period - Shot Misses the Net. 9:05 of 1st period - Shot by Brock Nelson. 9:05 of 1st period - Stopped by Carter Hutton with a rebound. 9:11 of 1st period - Shot by Brock Nelson. 9:11 of 1st period - Stopped by Carter Hutton with a rebound. 9:39 of 1st period - Shot by Victor Rask. 9:39 of 1st period - Goal by Victor Rask - LOS ANGELES SEALS : 0 - LONG BEACH BARACUDAS : 1. 9:40 of 1st period - Radek Faksa wins face-off versus Derek Stepan in neutral zone. 9:55 of 1st period - Shot by Derek Stepan. 9:55 of 1st period - Shot Blocked by Adam Boqvist. 10:12 of 1st period - Alexandre Texier is hit by Ryan Murray and loses puck. 10:39 of 1st period - Joshua Norris is hit by Adam Boqvist. 10:43 of 1st period - Shot by Jakub Voracek. 10:43 of 1st period - Shot Blocked by Adam Boqvist. 14:40 of 1st period - Icing by Max Domi. 14:41 of 1st period - Max Domi wins face-off versus Radek Faksa in LONG BEACH BARACUDAS zone. 15:06 of 1st period - Icing by Owen Tippett. 15:07 of 1st period - Brock Nelson wins face-off versus Radek Faksa in LOS ANGELES SEALS zone. 15:18 of 1st period - Sh